Unix NetHack Version 5.0.0-0 post-release - last build Jun 10 2026 00:39:30 (3ee93aec679c4c4259841fe613dc97188e26a321,branch:main).

Game began 2026-06-16 05:26:59, ended 2026-06-16 06:24:07.

Brudee, chaotic female human Rogue

             ...
            -..
           |...--
----       |..(<----
|..|       --....%..
|..-- ----  |.u+>---
|...---..----u.K.|
---^......--@H).--
  --..........---
   --.........|
    |..---.%.--
    ---- |...|
         --..|
          ----

Brudee the Rogue        St:12 Dx:17 Co:14 In:10 Wi:12 Ch:9  Chaotic S:6316
Dlvl:10 $:43 HP:0(40) Pw:32(32) AC:1  Xp:7/765 T:3298  Burdened

Latest messages:
 You feel a change coming over you.
 You feel like a new woman!
 You rebalance your load.  Movement is difficult.
 The Kop Kaptain picks up a saddle.
 The Kop Kaptain drops a saddle.
 The Kop Kaptain picks up a unicorn horn.
 You see here a saddle.
 You have trouble lifting b - a saddle.
 Your legs feel better.
 Your movements are only slowed slightly by your load.
 You see here a saddle.
 You have trouble lifting a saddle.  Continue? [ynq] (q) q
 You have trouble lifting a saddle.  Continue? [ynq] (q) y
 You have trouble lifting Z - a saddle.
 You rebalance your load.  Movement is difficult.
 What do you want to use or apply? [abefistxCETZ or ?*] i
 You put a saddle into the bag.
 You put a saddle into the bag.
 Your movements are only slowed slightly by your load.
 The pony picks up a pick-axe.
 The Kop Kaptain wields a unicorn horn!
 The pony hits the grid bug.
 The pony knocks the grid bug back with a forceful strike!
 The pony bites the grid bug.
 The grid bug is killed!
 You have a little trouble lifting q - a wrinkled spellbook.
 You have trouble lifting a wrinkled spellbook.  Continue? [ynq] (q) n
 You have trouble lifting a silver spellbook.  Continue? [ynq] (q) n
 You have trouble lifting a silver spellbook.  Continue? [ynq] (q) q
 There are several more objects here.
 You drop a wrinkled spellbook.
 The gnome wields a curved sword!
 The pony drops a pick-axe.
 The gnome hurls a dark green potion!
 The phial crashes on your head and breaks into shards.
 The dark green potion evaporates.
 You feel rather tired.
 You can move again.
 You kill the gnome!
 Really step into that hole? [yn] (n) n
 Please move the cursor to a monster, object or location.
 (For instructions type a '?')
 Done.
 You swap places with Sparky.
 The Kop Kaptain drops a curved sword.
 The minotaur hits!
 The minotaur hits again!
 You die...
 Do you want your possessions identified? [ynq] (y) y
 Do you want to see your attributes? [ynq] (y) q

Inventory:
 Coins    ('$')
  $ - 43 gold pieces
 Amulets  ('"')
  w - an uncursed amulet of guarding (being worn)
 Weapons  (')')
  F - a rustproof +0 dagger
  D - a +0 dwarvish short sword (weapon in right hand)
 Armor    ('[')
  K - an uncursed +0 helm of brilliance (being worn)
  A - an uncursed +0 dwarvish mithril-coat (being worn)
 Wands    ('/')
  t - a wand of magic missile (0:4)
  a - a wand of magic missile (0:3)
 Tools    ('(')
  i - an uncursed bag of holding containing 65 items
  f - an empty uncursed sack
  s - a bag of tricks (0:6)
  C - a can of grease (0:5)
  e - an uncursed lock pick
  x - an uncursed magic lamp (lit)
  T - an uncursed magic whistle
  E - a +0 unicorn horn

Contents of the bag of holding:
  1419 gold pieces
  a cursed amulet of unchanging
  a blessed amulet versus poison
  2 uncursed carrots
  7 uncursed food rations
  a cursed food ration
  4 uncursed pancakes
  an uncursed tripe ration
  a cursed tripe ration
  an uncursed tin of chameleon meat
  an uncursed lichen corpse
  an uncursed lizard corpse
  2 uncursed scrolls of blank paper
  an uncursed scroll of enchant armor
  an uncursed scroll of teleportation
  an uncursed potion of acid
  a cursed potion of acid
  an uncursed potion of booze
  an uncursed potion of fruit juice
  a cursed potion of gain ability
  2 uncursed potions of healing
  a cursed potion of invisibility
  an uncursed potion of object detection
  an uncursed potion of sleeping
  4 uncursed potions of water
  a potion of unholy water
  a cursed ring of hunger
  a cursed +2 ring of increase damage
  a cursed ring of invisibility
  a cursed ring of shock resistance
  an uncursed ring of slow digestion
  a cursed ring of warning
  a wand of create monster (0:0)
  a wand of digging (0:4)
  a cursed wand of magic missile (0:1)
  a wand of sleep (0:7)
  a wand of sleep (0:5)
  a cursed wand of speed monster (0:2)
  a magic harp (0:4)
  an uncursed tooled horn
  an expensive camera (0:52)
  an uncursed magic lamp
  a magic marker (0:94)
  a magic marker (0:32)
  an uncursed saddle
  an uncursed saddle
  an uncursed stethoscope
  an uncursed tallow candle
  a cursed tallow candle
  an uncursed agate stone
  2 uncursed amethyst stones
  an uncursed black opal
  3 uncursed diamonds
  4 uncursed emeralds
  2 uncursed jet stones
  an uncursed obsidian stone
  3 uncursed rubies
  3 uncursed worthless pieces of blue glass
  4 uncursed worthless pieces of green glass
  4 uncursed worthless pieces of orange glass
  4 uncursed worthless pieces of red glass
  3 uncursed worthless pieces of violet glass
  2 uncursed worthless pieces of white glass
  5 uncursed worthless pieces of yellow glass
  an uncursed luckstone

Brudee the Rogue's attributes:

Background:
 You were a Rogue, level 7 female human.
 You were chaotic, on a mission for Kos
 who was opposed by Issek (lawful) and Mog (neutral).
 You were right-handed.
 You were in the Gnomish Mines, on level 10.
 You entered the dungeon 3298 turns ago.
 There was a new moon in effect when your adventure ended.
 You had 765 experience points, 515 more were needed to attain level 8.
 Your score was 6316 before end-of-game adjustments.

Basics:
 You had 0 out of 40 hit points.
 You had all 32 energy points (spell power).
 Your armor class was 1.
 Your wallet contained 43 zorkmids, and
 you had 1419 more stashed away in your pack.
 Autopickup was on for '$!=+?/"' plus thrown.

Final Characteristics:
 Your strength was 12 (limit:18/100).
 Your dexterity was 17 (limit:18).
 Your constitution was 14 (limit:18).
 Your intelligence was 10 (limit:18).
 Your wisdom was 12 (limit:18).
 Your charisma was 9 (limit:18).

Final Status:
 You weren't hungry.
 You were burdened; movement was slightly slowed.
 You were wielding a short sword.
 You were skilled in short sword.

Final Attributes:
 You were piously aligned.
 You were telepathic.
 You were stealthy.
 You had a small defense bonus (+2).
 You were protected.
 You are dead.

Miscellaneous:
 You encountered 2 bones levels.
 Total elapsed playing time was 57 minutes and 8 seconds.

Major events:
 Turn
    1: Brudee the chaotic female human Rogue entered the dungeon
  504: entered the Gnomish Mines
  534: attained the rank of Cutpurse (level 3)
 1595: attained the rank of Rogue (level 6)
 1805: reached Mine Town
 3298: killed by a minotaur

You didn't know any spells.

Skills:
 Fighting Skills
   bare handed combat [Unskilled]
   two weapon combat  [Unskilled]
   riding             [Unskilled]
 Weapon Skills
   dagger             [Skilled]
   knife              [Unskilled]
   short sword        [Skilled]
   broadsword         [Unskilled]
   long sword         [Unskilled]
   two-handed sword   [Unskilled]
   saber              [Unskilled]
   club               [Unskilled]
   mace               [Unskilled]
   morning star       [Unskilled]
   flail              [Unskilled]
   hammer             [Unskilled]
   polearms           [Unskilled]
   spear              [Unskilled]
   crossbow           [Unskilled]
   dart               [Unskilled]
   shuriken           [Unskilled]
 Spellcasting Skills
   divination spells  [Unskilled]
   escape spells      [Unskilled]
   matter spells      [Unskilled]

Voluntary challenges:
 Character rerolling was not enabled.
 You never genocided any monsters.
 You never polymorphed an object.
 You never changed form.
 You used no wishes.
Achievements:
 You entered the Gnomish Mines.
 You attained the rank of Cutpurse.
 You attained the rank of Rogue.
 You entered Minetown.
 You entered a shop.
 You entered a temple.

 The Dungeons of Doom: levels 1 to 3
    Level 1:
    Level 2:
       Some fountains, a sink.
    Level 3:
       A fountain.
       Stairs down to The Gnomish Mines.
 The Gnomish Mines: levels 4 to 10
    Level 4:
    Level 5:
    Level 6:
       Final resting place for
          levoittiel-Rog-Orc-Fem-Cha, killed by a gnome.
    Level 7:
       Many shops, a temple and an altar, some fountains, some trees.
    Level 8:
    Level 9:
    Level 10: <- You were here.
       Final resting place for
          you, killed by a minotaur,
          nethacknoob-Kni-Hum-Fem-Law, killed by a minotaur,
          yasdy-Sam-Hum-Fem-Law, killed by a minotaur.


Vanquished creatures:
  a baby orange dragon
  a ghost
  a leather golem
  a giant beetle
  a quivering blob
  a giant spider
  a gnome ruler
  a gold golem
  a lizard
  a dog
  2 dwarf leaders
  a gnome mummy
  a rock piercer
  a rock mole
  a fog cloud
  a yellow light
  a shrieker
  a violet fungus
 10 gnome leaders
  a gnomish wizard
  a gray ooze
  a paper golem
  a floating eye
 13 dwarves
  2 rothes
  a wererat
  8 killer bees
  a hobbit
  a cave spider
 34 gnomes
  2 geckos
  2 jackals
  a fox
  a kobold
  a goblin
  2 sewer rats
  7 grid bugs
  4 lichens
  5 newts
118 creatures vanquished.

No species were genocided or became extinct.

Game over:
                       ----------
                      /          \
                     /    REST    \
                    /      IN      \
                   /     PEACE      \
                  /                  \
                  |      Brudee      |
                  |     1462 Au      |
                  |   killed by a    |
                  |     minotaur     |
                  |                  |
                  |                  |
                  |       2026       |
                 *|     *  *  *      | *
        _________)/\\_//(\/(/\)/\//\/|_)_______

Goodbye Brudee the Rogue...

You died in The Gnomish Mines on dungeon level 10 with 6170 points,
and 1462 pieces of gold, after 3298 moves.
You were level 7 with a maximum of 40 hit points when you died.

